 Dungeon Crawl Stone Soup version 0.27-a0-1232-gc6a4cbde82 (webtiles) character file.

Game seed: 15133996918442321805

4537 robertstho the Thaumaturge (level 10, -4/67 HPs)
             Began as a Djinni Fire Elementalist on June 8, 2021.
             Was an Initiate of Gozag.
             Slain by a killer bee (5 damage)
             ... on level 8 of the Dungeon.
             The game lasted 00:13:18 (7222 turns).

robertstho the Thaumaturge (DjFE)                   Turns: 7222, Time: 00:13:21

Health: -4/67      AC:  4    Str:  5 (7)  XL:     10   Next: 66%
Gold:   702        EV: 13    Int: 17 (20) God:    Gozag SH:  0 Dex: 13 (14)

rFire    + + +     SeeInvis .   o - +2 whip (elec)
rCold    x . .     Faith    .   (no shield)
rNeg     . . .     Spirit   .   k - +0 robe {rF+}
rPois    ∞         Reflect  .   (no helmet)
rElec    .         Harm     .   r - +0 cloak
rCorr    .         Rampage  .   y - +0 pair of gloves
Will     +....                  (boots unavailable)
Stlth    +.........             g - amulet of regeneration
HPRegen  1.21/turn              d - ring of wizardry
MPRegen  0.00/turn              (no ring)

@: confused, ambrosia-drunk, gold aura, flying
A: sickness immunity, fire resistance 2, cold vulnerability 1, float, innate
caster, hp casting, extra vitality 1
a: Renounce Religion, Potion Petition, Call Merchant, Bribe Branch


You were on level 8 of the Dungeon.
You worshipped Gozag.
Gozag was pleased with you.
You visited 1 branch of the dungeon, and saw 8 of its levels.

You collected 761 gold pieces.
You paid 59 gold pieces to Gozag.

Inventory:

Hand Weapons
 i - a +0 short sword
 o - a +2 whip of electrocution (weapon)
Missiles
 s - a throwing net
Armour
 k - a +0 robe of fire resistance (worn)
 r - a +0 cloak (worn)
 y - a +0 pair of gloves (worn)
Jewellery
 d - a ring of wizardry (left hand)
 g - an amulet of regeneration (around neck)
Wands
 m - a wand of mindburst (9)
 w - a wand of digging (2)
 D - a wand of iceblast (8)
Scrolls
 b - 2 scrolls of immolation
 c - 7 scrolls of identify {unknown}
 j - 2 scrolls of vulnerability {unknown}
 l - a scroll of magic mapping {unknown}
 n - a scroll of acquirement {unknown}
 p - a scroll of torment {unknown}
 t - 2 scrolls of enchant armour {unknown}
 u - 2 scrolls of enchant weapon {unknown}
 z - a scroll of amnesia {unknown}
 A - a scroll of fear {unknown}
 B - a scroll of holy word {unknown}
Potions
 a - 2 potions of ambrosia
 f - a potion of mutation {unknown}
 h - 3 potions of degeneration
 q - 2 potions of haste {unknown}
 x - 4 potions of curing {unknown}
 C - a potion of might {unknown}


   Skills:
 + Level 3.3 Fighting
 + Level 2.4 Maces & Flails
 + Level 4.7 Dodging
 + Level 3.7 Stealth
 * Level 10.3 Spellcasting


You had 4 spell levels left.
You knew the following spells:

 Your Spells              Type           Power      Damage    Failure   Level
a - Foxfire               Conj/Fire      100%       2x1d9     1%          1
b - Conjure Flame         Conj/Fire      43%        6-21      1%          3
c - Inner Flame           Hex/Fire       43%        N/A       1%          3
d - Sticky Flame          Conj/Fire      43%        2d6       1%          4
e - Fireball              Conj/Fire      21%        3d10      1%          5
f - Freeze                Ice            100%       1d11      1%          1
g - Passwall              Tmut/Erth      35%        N/A       1%          2
h - Summon Guardian Gole  Hex/Summ       43%        N/A       1%          3
i - Vampiric Draining     Necr           21%        2d9       1%          3
Your spell library was empty.

Dungeon Overview and Level Annotations

Branches:
Dungeon (8/15)             Temple (0/1) D:7
   Lair: D:8-11

Altars:
Ashenzari
Elyvilon
Fedhas
Gozag
Makhleb
Okawaru
The Shining One

Shops:
D:5 ((=   D:7 (

Annotations:
D:5 1399 elemental staff


Innate Abilities, Weirdness & Mutations

You are immune to sickness and miasma.
You are immune to poison.
Your flesh is very heat resistant. (rF++)
You are vulnerable to cold. (rC-)
You float through the air rather than walking.
You learn spells naturally, not from books.
Your magical power is your life essence.
You have superior vitality. (+4 HP)


Message History

The killer bee closely misses you. The killer bee barely misses you.
The killer bee stings you.
* * * LOW HITPOINT WARNING * * *
You feel much better.
The killer bee burns!
The killer bee misses you. The killer bee closely misses you.
The killer bee is distracted by your dazzling golden aura.
The killer bee stings you.
As you read the scroll of teleportation, it crumbles to dust.
You feel strangely unstable.
The killer bee burns!
The killer bee is no longer distracted by gold.
The killer bee closely misses you. The killer bee stings you. x3
* * * LOW HITPOINT WARNING * * *
Unknown command.
Unknown command.
Aiming: Mindburst
Press: ? - help, Shift-Dir - straight line, f - killer bee, p - killer bee
Aim: a killer bee (chance to affect: 73%)
The killer bee's mind is blasted.
The killer bee burns!
The killer bee barely misses you. The killer bee misses you.
The killer bee barely misses you. The killer bee stings you.
* * * LOW HITPOINT WARNING * * *
It was a potion of degeneration.
There was something very wrong with that liquid.
You feel weakened.
You feel dopey.
You feel clumsy.
Your surroundings suddenly seem different.
You feel a bit more experienced. The killer bee stings you.
* * * LOW HITPOINT WARNING * * *
It was a potion of ambrosia.
You are confused.
You feel invigorated. The killer bee stings you.
* * * LOW HITPOINT WARNING * * *
The killer bee stings you.
* * * LOW HITPOINT WARNING * * *
The killer bee stings you.
* * * LOW HITPOINT WARNING * * *
The killer bee stings you.
* * * LOW HITPOINT WARNING * * *
The killer bee stings you.
You die...
Your body crumbles into a pile of gold.

....# #..?# #####
# ### .# #[. +#.#
#+ . .#
#...###.y# .###..
..#
#.......###.....
..#
#......y.y...####
..#
########yy......#
... #y@......#
.... #........#
..## #........#
## #........#
#........#
##########


You could see 5 killer bees.

Vanquished Creatures
  Maurice (D:8)
  Maggie (D:8)
  The ghost of ZappyNine the Insei, a novice OpTm (D:5)
  A komodo dragon (D:7)
  A hornet (D:5)
  A yak (D:8)
  A wyvern (D:5)
  3 water moccasins
  A black bear (D:8)
  An orc warrior (D:6)
  The ghost of hilljack the Shield-Bearer, an amateur MiFi (D:4)
  A necrophage (D:6)
  2 sky beasts (D:6)
  2 ogres
  3 centaurs
  A phantom (D:3)
  3 bullfrogs
  A water moccasin zombie (D:6)
  A scorpion (D:6)
  6 killer bees
  3 wights (D:8)
  A bullfrog zombie (D:5)
  2 centaur zombies
  2 jellies
  4 orc priests
  3 hounds
  A bullfrog skeleton (D:5)
  3 iguanas
  7 orc wizards
  A killer bee zombie (D:7)
  A hound zombie (D:5)
  A howler monkey skeleton (D:7)
  6 gnolls
  6 adders
  A shadow imp (D:7)
  2 white imps
  An ufetubus (D:6)
  2 dart slugs (D:2)
  23 orcs
  7 ball pythons
  3 endoplasms
  2 giant cockroaches
  4 goblins
  3 hobgoblins
  7 jackals
  9 kobolds
  A quokka (D:1)
  4 bats
  4 frilled lizards
  4 rats
151 creatures vanquished.

Vanquished Creatures (others)
  362 foxfires
  23 fungi (D:8)
  34 plants (D:8)
  2 withered plants (D:4)
421 creatures vanquished.

Grand Total: 572 creatures vanquished

Notes
Turn   | Place    | Note
-------+----------+-------------------------------------------
     0 | D:1      | robertstho the Djinni Fire Elementalist began the quest for
                  | the Orb.
     0 | D:1      | Reached XP level 1. HP: 15/15 MP: 0/0
   307 | D:1      | Reached XP level 2. HP: 20/21 MP: 0/0
   669 | D:1      | Found a faded altar of an unknown god.
   693 | D:1      | Reached skill level 3 in Spellcasting
  1012 | D:1      | Reached XP level 3. HP: 23/25 MP: 0/0
  1012 | D:1      | Learned a level 1 spell: Freeze
  2110 | D:2      | Reached XP level 4. HP: 23/31 MP: 0/0
  2762 | D:3      | Found a white marble altar of Elyvilon.
  2794 | D:3      | Found a glowing golden altar of the Shining One.
  2953 | D:3      | Noticed a phantom
  2994 | D:3      | Killed a phantom
  2995 | D:3      | Reached skill level 4 in Spellcasting
  2995 | D:3      | Reached XP level 5. HP: 28/35 MP: 0/0
  2995 | D:3      | Learned a level 2 spell: Passwall
  3301 | D:4      | Reached XP level 6. HP: 33/40 MP: 0/0
  3836 | D:4      | Noticed an ogre
  3841 | D:4      | Killed an ogre
  3842 | D:4      | Reached skill level 5 in Spellcasting
  3953 | D:4      | Found a runed translucent door.
  3953 | D:4      | Noticed hilljack's ghost (amateur MiFi)
  4160 | D:4      | Reached XP level 7. HP: 42/45 MP: 0/0
  4160 | D:4      | Learned a level 3 spell: Summon Guardian Golem
  4600 | D:5      | Entered Level 5 of the Dungeon
  4648 | D:5      | Found Wesif's Weapon Boutique.
  4659 | D:5      | You are sucked into a shaft and drop 1 floor!
  4732 | D:6      | Found an iron altar of Okawaru.
  4736 | D:6      | Reached skill level 6 in Spellcasting
  4804 | D:6      | Found an opulent altar of Gozag.
  4925 | D:6      | Reached XP level 8. HP: 50/51 MP: 0/0
  4939 | D:6      | Reached skill level 1 in Fighting
  5041 | D:6      | Became a worshipper of Gozag Ym Sagoz the Greedy
  5118 | D:6      | Reached skill level 7 in Spellcasting
  5483 | D:6      | Identified the Handbook of the Cankerous Frostbite
  5610 | D:7      | Reached XP level 9. HP: 48/58 MP: 0/0
  5610 | D:7      | Learned a level 3 spell: Vampiric Draining
  5626 | D:7      | Noticed a komodo dragon
  5632 | D:7      | Killed a komodo dragon
  5633 | D:7      | Reached skill level 8 in Spellcasting
  5818 | D:7      | Found a burning altar of Makhleb.
  5852 | D:7      | Found a staircase to the Ecumenical Temple.
  6015 | D:7      | Found Rudeistru's Weapon Shoppe.
  6172 | D:5      | Found a transporter.
  6190 | D:5      | Reached skill level 1 in Maces & Flails
  6278 | D:5      | Noticed a hornet
  6302 | D:5      | Found a broken altar of Ashenzari.
  6372 | D:5      | Noticed ZappyNine's ghost (novice OpTm)
  6389 | D:5      | Found a transporter.
  6514 | D:5      | Found Keilelad's Weapon Shoppe.
  6516 | D:5      | Found Fickivvi's Jewellery Shoppe.
  6519 | D:5      | Found a blossoming altar of Fedhas.
  6752 | D:4      | Killed hilljack's ghost
  6910 | D:5      | Reached skill level 9 in Spellcasting
  6919 | D:5      | Killed a hornet
  6921 | D:5      | Reached XP level 10. HP: 34/65 MP: 0/0
  6942 | D:5      | Killed ZappyNine's ghost
  7115 | D:8      | Noticed Maurice
  7121 | D:8      | Killed Maurice
  7124 | D:8      | Reached skill level 10 in Spellcasting
  7129 | D:8      | Noticed Maggie
  7200 | D:8      | Killed Maggie
  7222 | D:8      | HP: 3/67 [killer bee (2)]
  7222 | D:8      | HP: 1/67 [killer bee (2)]
  7222 | D:8      | Slain by a killer bee

Illustrated notes

Levels and vault maps discovered:
D:1:      kennysheep_arrival_seaside, layout_loops_ring,
          hellmonk_ecumenical_altar_crossroads
D:2:      minmay_angry_zag, layout_loops_ring, kennysheep_small_spiral,
          kennysheep_flooded_box
D:3:      layout_rooms, overflow_temple_1_default, lemuel_round_altar
D:4:      layout_basic, gammafunk_ghost_grave, supply_closet_lemuel, nrook_uturn
D:5:      layout_rooms, fedhas_altar_2, ashenzari_altar_1, serial_shops, shop,
          shop, nicolae_shop_crystal, serial_corexii_hall,
          chequers_hall_statues_wall_a, corexii_hall_statues_x,
          gammafunk_ghost_hive
D:6:      layout_loops_ring, grunt_gozag_statues, old_standard_altar
D:7:      layout_loops_ring, amcnicky_altar_gilded,
          minmay_temple_entry_mini_moons, serial_shops, shop
D:8:      layout_rooms, nemelex_spade_bored_becter, due_lair_maze_entry_diamond,
          dk_rats_in_the_wall, uniq_maurice, uniq_maggie

Skill      XL: |  1  2  3  4  5  6  7  8  9 10 |
---------------+-------------------------------+-----
Spellcasting   | 3 4 5 6 7 9 10 | 10.3
Stealth        | 2 3 |  3.7
Dodging        | 3 4 |  4.7
Fighting       | 2 3 |  3.3
Maces & Flails | 1 2 |  2.4

Action                   |  1- 3 |  4- 6 |  7- 9 | 10-12 || total
-------------------------+-------+-------+-------+-------++-------
Melee: Whip              |       |     3 |    40 |    18 ||    61
 Cast: Foxfire           |    83 |   109 |    48 |       ||   240
       Sticky Flame      |       |       |    19 |    11 ||    30
       Fireball          |       |       |    38 |    25 ||    63
       Conjure Flame     |       |       |     1 |       ||     1
Evoke: Wand              |       |       |       |     1 ||     1
  Use: Potion            |       |       |       |     8 ||     8
       Scroll            |       |       |       |     4 ||     4
 Stab: Sleeping          |       |       |     2 |       ||     2
Armor: Robe              |     4 |     8 |     7 |    10 ||    29
Dodge: Dodged            |    10 |    19 |    60 |    42 ||   131

Table legend: (Time is in decaauts)
 A = Elapsed time spent in this place.
 B = Non-inter-level travel time spent in this place.
 C = Inter-level travel time spent in this place.
 D = Time resting spent in this place.
 E = Time spent auto-exploring this place.
 F = Levels seen in this place.
 G = Mean time per level.
                   A        B        C        D        E       F      G
               +--------+--------+--------+--------+--------+-----+--------+
         Total |   7230 |   6786 |    444 |     25 |   5795 |   8 |  903.8 |
       Dungeon |   7230 |   6786 |    444 |     25 |   5795 |   8 |  903.8 |
               +--------+--------+--------+--------+--------+-----+--------+

Top non-repeatable levels by time:
     D:4: 1520 daAuts
     D:2: 1385 daAuts
     D:1: 1375 daAuts
     D:6: 996 daAuts
     D:5: 785 daAuts
     D:7: 584 daAuts
     D:3: 472 daAuts
     D:8: 111 daAuts
